 Dungeon Crawl Stone Soup version 0.24-a0-317-g5cb8de4 (webtiles) character file.

Game seed: 14975137025346546797

226 Spazmo the Magician (level 5, -3/28 HPs)
             Began as a Deep Elf Fire Elementalist on May 16, 2019.
             Slain by a wyvern skeleton (7 damage)
             ... on level 2 of the Dungeon.
             The game lasted 00:06:34 (1541 turns).

Spazmo the Magician (Deep Elf Fire Elementalist)    Turns: 1541, Time: 00:06:34

Health: -3/28      AC:  3    Str:  5    XL:     5   Next: 69%
Magic:  5/14       EV: 13    Int: 21    God:
Gold:   119        SH:  0    Dex: 15    Spells: 4/14 levels left

rFire    . . .     SeeInvis .   f - +0 dagger
rCold    . . .     Gourm    .   (no shield)
rNeg     . . .     Faith    .   a - +0 robe
rPois    .         Spirit   .   m - +0 helmet
rElec    .         Reflect  .   (no cloak)
rCorr    .         Harm     .   (no gloves)
MR       .....                  (no boots)
Stlth    ++........             (no amulet)
HPRegen  0.09/turn              (no ring)
MPRegen  0.14/turn              (no ring)

@: no status effects
A: no striking features
a: no special abilities


You were on level 2 of the Dungeon.
You were not hungry.

You visited 1 branch of the dungeon, and saw 2 of its levels.

You collected 119 gold pieces.

Inventory:

Hand Weapons
 f - a +0 dagger (weapon)
Missiles
 d - 93 stones (quivered)
Armour
 a - a +0 robe (worn)
 m - a +0 helmet (worn)
Scrolls
 b - a scroll of amnesia {unknown}
 e - a scroll of magic mapping {unknown}
 g - 2 scrolls of random uselessness {unknown}
 i - 2 scrolls of fog {unknown}
 j - a scroll of teleportation {unknown}
 l - 2 scrolls of remove curse {unknown}
Potions
 k - a potion of might {unknown}
 n - a potion of flight {unknown}
 o - a potion of cancellation {unknown}
Comestibles
 c - 6 rations


   Skills:
 - Level 2.8 Dodging
 - Level 2.9 Stealth
 + Level 5.0 Spellcasting
 + Level 3.4 Conjurations
 + Level 4.7 Fire Magic


You had 4 spell levels left.
You knew the following spells:

 Your Spells              Type           Power        Failure   Level  Hunger
a - Flame Tongue          Conj/Fire      ###..        1%          1    None
b - Throw Flame           Conj/Fire      ###...       3%          2    None
c - Conjure Flame         Conj/Fire      ###.....     6%          3    ##.....
d - Sticky Flame          Conj/Fire      ###.....     21%         4    ####...

Your spell library contained the following spells:

 Spells                   Type           Power        Failure   Level  Hunger
 Inner Flame              Hex/Fire       ###.....     12%         3    ##.....
 Fireball                 Conj/Fire      ###.......   50%         5    #####..


Dungeon Overview and Level Annotations

Branches:
Dungeon (2/15)

Altars:


Message History

The wyvern skeleton closely misses you.
Casting: Flame Tongue (safe; 1% risk of failure)
Confirm with . or Enter, or press ? or * to list all spells.
Aiming: Flame Tongue (safe; 1% risk of failure)
Press: ? - help, Shift-Dir - straight line, f/p - wyvern skeleton
Aim: a wyvern skeleton (lightly damaged)
The flame tongue hits the wyvern skeleton.
The wyvern skeleton is lightly damaged.
The wyvern skeleton closely misses you.
Casting: Flame Tongue (safe; 1% risk of failure)
Confirm with . or Enter, or press ? or * to list all spells.
Aiming: Flame Tongue (safe; 1% risk of failure)
Press: ? - help, Shift-Dir - straight line, f/p - wyvern skeleton
Aim: a wyvern skeleton (lightly damaged)
The flame tongue hits the wyvern skeleton.
The wyvern skeleton is lightly damaged.
The wyvern skeleton bites you!
* * * LOW HITPOINT WARNING * * *
The wyvern skeleton bites you!
You die...

####### #.....# #.###.#
##############.#.#.#
#................#.#
#.############.#.#.##
#.##.# ##...#.## #....#
####...##.## ####@#
#.........## #######Z#
###.##..)..... #...†..h#
#.#.###.)).... #.......#
#.#.# #.<)).÷.
#.......###.#.#####)....
#......###.....####.....
#......###.....##.......
........#.......##.#.....
....#####.####'###.#..#..


You could see a jackal and a wyvern skeleton.

Vanquished Creatures
  A black bear (D:2)
  Jessica (D:2)
  Robin (D:1)
  A gnoll (D:1)
  3 adders (D:2)
  A worm (D:2)
  A leopard gecko (D:2)
  7 bats
  A giant cockroach (D:1)
  18 goblins
  8 hobgoblins
  3 jackals (D:2)
  A frilled lizard (D:2)
  2 kobolds
  5 rats
54 creatures vanquished.

Notes
Turn   | Place    | Note
-------+----------+-------------------------------------------
     0 | D:1      | Spazmo the Deep Elf Fire Elementalist began the quest for
                  | the Orb.
     0 | D:1      | Reached XP level 1. HP: 10/10 MP: 6/6
   288 | D:1      | Reached XP level 2. HP: 15/15 MP: 5/8
   292 | D:1      | Learned a level 2 spell: Throw Flame
   505 | D:1      | Reached XP level 3. HP: 19/19 MP: 6/9
   516 | D:1      | Learned a level 3 spell: Conjure Flame
   943 | D:2      | Noticed Robin
  1052 | D:2      | Reached XP level 4. HP: 22/24 MP: 9/11
  1054 | D:2      | Reached skill level 4 in Spellcasting
  1098 | D:1      | Killed Robin
  1214 | D:2      | Learned a level 4 spell: Sticky Flame
  1221 | D:2      | Noticed Jessica
  1221 | D:2      | Noticed a black bear
  1281 | D:2      | Killed a black bear
  1281 | D:2      | Reached XP level 5. HP: 18/28 MP: 7/14
  1333 | D:2      | Killed Jessica
  1333 | D:2      | Reached skill level 5 in Spellcasting
  1541 | D:2      | Slain by a wyvern skeleton

Levels and vault maps discovered:
D:1:      dpeg_arrival_morbid_curiosity, layout_rooms, serial_forest,
          infiniplex_forest_straight_2, infiniplex_forest_end_1,
          infiniplex_forest_zigzag_1, infiniplex_forest_clump_small,
          infiniplex_forest_clump_diagonal, infiniplex_forest_lined_room_2,
          infiniplex_forest_clump_diagonal, infiniplex_forest_end_3,
          infiniplex_forest_clump_double
D:2:      layout_basic, uniq_jessica, uniq_robin, uniq_crazy_yiuf_cottage

Skill      XL: |  1  2  3  4  5 |
---------------+----------------+-----
Conjurations   | 2 3 |  3.4
Spellcasting   | 4 5 |  5.0
Fire Magic     | 4 |  4.7
Dodging        | |  2.8
Stealth        | |  2.9

Action                   |  1- 3 |  4- 6 || total
-------------------------+-------+-------++-------
Throw: Stone             |     3 |     1 ||     4
 Cast: Flame Tongue      |    55 |    42 ||    97
       Throw Flame       |     1 |     1 ||     2
       Conjure Flame     |       |     1 ||     1
  Eat: Chunk             |       |     2 ||     2
Armor: Robe              |     5 |     8 ||    13
Dodge: Dodged            |    13 |    15 ||    28

Table legend:
 A = Non-vault XP
 B = Vault XP
 C = Vault XP percentage of total XP
 D = Non-vault monster count
 E = Vault monster count
 F = Vault count percentage of total count
                 A         B        C        D         E       F
            +---------+---------+-------+---------+---------+-------
      Total |     239 |      85 |  26.2 |      35 |      19 |  35.2
            +---------+---------+-------+---------+---------+-------
        D:1 |      38 |      24 |  38.7 |      14 |       6 |  30.0
        D:2 |     201 |      61 |  23.3 |      21 |      13 |  38.2
            +---------+---------+-------+---------+---------+-------
